 Dungeon Crawl Stone Soup version 0.27-a0-277-g024f7ef292 (webtiles) character file.

Game seed: 24005968664650833

113867 Borgoz the Brawler (level 16, 0/149 HPs)
             Began as a Ghoul Gladiator on Feb 5, 2021.
             Was the Champion of Okawaru.
             Killed from afar by a starcursed mass (5 damage)
             ... with an accursed screaming
             ... on level 2 of the Abyss.
             The game lasted 00:51:13 (33909 turns).

Borgoz the Brawler (Ghoul Gladiator)               Turns: 33909, Time: 00:51:14

Health: 0/149      AC: 29    Str: 18 (20) XL:     16   Next: 64%
Magic:  0/18       EV: 13    Int:  3      God:    Okawaru [******]
Gold:   2772       SH:  8    Dex: 19 (21) Spells: 15/15 levels left

rFire    + . .     SeeInvis .     - Unarmed
rCold    + . .     Faith    .   M - +2 buckler {rF+}
rNeg     + + +     Spirit   +   D - +2 crystal plate armour
rPois    ∞         Reflect  .   x - +2 hat
rElec    .         Harm     .   (no cloak)
rCorr    .         Rampage  .   (no gloves)
Will     +....                  J - +2 pair of boots
Stlth    ..........             v - amulet of guardian spirit
HPRegen  0.00/turn              s - +4 ring of evasion
MPRegen  0.16/turn              A - +6 ring of dexterity

@: studying Stealth
A: claws 1, cold resistance 1, negative energy resistance 3, inhibited
regeneration, torment resistance, unbreathing
a: Renounce Religion, Heroism, Finesse


You were on level 2 of the Abyss.
You worshipped Okawaru.
Okawaru was exalted by your worship.
You visited 4 branches of the dungeon, and saw 23 of its levels.
You visited the Abyss 1 time.
You also visited: Ossuary, Gauntlet and Ice Cave.

You collected 2772 gold pieces.

Inventory:

Hand Weapons
 p - the +12 great sword of Woe {venom, rElec Dex+3}
   (Okawaru gifted it to you in a Gauntlet)

   It poisons the flesh of those it strikes.
   It affects your dexterity (+3).
   It insulates you from electricity.
Armour
 x - a +2 hat (worn)
 D - a +2 crystal plate armour (worn)
 J - a +2 pair of boots (worn)
 M - a +2 buckler of fire resistance (worn)
Jewellery
 h - an uncursed ring of fire
 i - an uncursed amulet of reflection
 s - a +4 ring of evasion (left claw)
 v - an amulet of guardian spirit (around neck)
 w - an uncursed ring of willpower
 y - an uncursed ring of protection from cold
 A - a +6 ring of dexterity (right claw)
 C - an uncursed ring of flight
 E - an uncursed ring of resist corrosion
 K - the ring "Gompo" {Fire *Corrode Dex+4 SInv}
   (You found it on level 13 of the Dungeon)

   [ring of fire]

   It enhances your fire magic.
   It affects your dexterity (+4).
   It protects you from fire.
   It makes you vulnerable to cold.
   It lets you see invisible.
   It may corrode you when you take damage.
Wands
 l - a wand of iceblast (9)
 q - a wand of flame (23)
 t - a wand of paralysis (18)
 B - a wand of acid (16)
 H - a wand of mindburst (9)
Scrolls
 c - a scroll of brand weapon
 d - 7 scrolls of enchant weapon
 e - 14 scrolls of remove curse
 f - a scroll of magic mapping
 j - 6 scrolls of enchant armour
 m - a scroll of torment
 n - 15 scrolls of teleportation
 o - 5 scrolls of fog
 G - 2 scrolls of identify
 I - a scroll of fear
 L - a scroll of blinking
Potions
 a - 2 potions of haste
 b - a potion of brilliance
 g - 5 potions of cancellation
 k - 6 potions of flight
 u - 3 potions of magic


   Skills:
 + Level 15.3 Fighting
 - Level 1.7 Throwing
 + Level 13.1 Armour
 + Level 13.4 Dodging
 - Level 4.0 Shields
 + Level 15.5 Unarmed Combat
 - Level 5.0 Invocations


You had 15 spell levels left.
You didn't know any spells.
Your spell library contained the following spells:

 Spells                   Type           Power        Failure   Level
 Animate Skeleton         Necr           0%           100%        1
 Foxfire                  Conj/Fire      0%           100%        1
 Magic Dart               Conj           0%           100%        1
 Pain                     Necr           0%           100%        1
 Shock                    Conj/Air       0%           100%        1
 Blink                    Tloc           N/A          100%        2
 Call Imp                 Summ           0%           100%        2
 Searing Ray              Conj           0%           100%        2
 Slow                     Hex            0%           100%        2
 Swiftness                Air            0%           100%        2
 Confusing Touch          Hex            0%           100%        3
 Conjure Flame            Conj/Fire      0%           100%        3
 Dazzling Flash           Conj/Hex       0%           100%        3
 Gell's Gravitas          Tloc           0%           100%        3
 Mephitic Cloud           Conj/Pois/Air  0%           100%        3
 Static Discharge         Conj/Air       0%           100%        3
 Vampiric Draining        Necr           0%           100%        3
 Airstrike                Air            0%           100%        4
 Animate Dead             Necr           0%           100%        4
 Cause Fear               Hex            0%           100%        4
 Fulminant Prism          Conj/Hex       0%           100%        4
 Iskenderun's Mystic Bla  Conj/Tloc      0%           100%        4
 Petrify                  Tmut/Erth      0%           100%        4
 Summon Lightning Spire   Summ/Air       0%           100%        4
 Agony                    Necr           0%           100%        5
 Borgnjor's Vile Clutch   Necr/Erth      0%           100%        5
 Lightning Bolt           Conj/Air       0%           100%        5
 Metabolic Englaciation   Hex/Ice        0%           100%        5
 Silence                  Hex/Air        0%           100%        5
 Yara's Violent Unravell  Hex/Tmut       0%           100%        5
 Conjure Ball Lightning   Conj/Air       0%           100%        6
 Simulacrum               Ice/Necr       0%           100%        6
 Discord                  Hex            0%           100%        8
 Ignition                 Fire           0%           100%        8
 Tornado                  Air            0%           100%        9
 Sublimation of Blood     Necr           Unusable     N/A         2

Dungeon Overview and Level Annotations

Branches:
Dungeon (15/15)            Temple (1/1) D:4            Lair (6/6) D:9
  Swamp (0/4) Lair:3        Snake (0/4) Lair:2        Slime (0/5) Lair:6
    Orc (1/2) D:12         Vaults (0/5) D:14         Depths (0/5) D:15
Ossuary (visited)           IceCv (visited)         Gauntlet (visited)

Altars:
Ashenzari
Cheibriados
Dithmenos
Elyvilon
Fedhas
Gozag
Hepliaklqana
Kikubaaqudgha
Makhleb
Nemelex Xobeh
Okawaru
Qazlal
Ru
Sif Muna
Trog
Uskayaw
Vehumet
Wu Jian
Xom
Yredelemnul
Zin
The Shining One
Lugonu

Shops:
D:7 =   D:9 *   D:15 (

Portals:
Abyss: Orc:1

Annotations:
Orc:1 1 transporter, Erolcha; Liemp's ghost, journeyman MiFi


Innate Abilities, Weirdness & Mutations

You thrive by killing the living.
You are immune to poison.
You have sharp fingernails.
Your flesh is cold resistant. (rC+)
You are immune to negative energy. (rN+++)
You do not regenerate when monsters are visible.
You are immune to unholy pain and torment.
You can survive without breathing.


Message History

The large abomination hits you but does no damage.
You scratch the large abomination but do no damage.
The large abomination is almost destroyed.
The starcursed mass engulfs you but does no damage.
You mangle the large abomination!!
You destroy the large abomination!
Okawaru accepts your kill.
The starcursed mass engulfs you but does no damage.
A chorus of shrieks assaults your mind.
* * * LOW HITPOINT WARNING * * *
You block the starcursed mass's attack.
You mangle the starcursed mass!!
The starcursed mass is heavily damaged.
The starcursed mass shudders and is absorbed by its neighbour.
A chorus of shrieks assaults your mind.
* * * LOW HITPOINT WARNING * * *
You block the starcursed mass's attack.
Okay, then.
A chorus of shrieks assaults your mind.
You die...

. .... ... . ... .
. .... ... . ...#
.. . ##+# # .. ###
#.### .. . [≈ ...
. . . #.
####.#####. . .
#.##X##.##.##.# .
.
#.X.≈X@...≈...##..
. #)##.##.##.##.#
#. ####/##.# .≈
#.≈)### ##. # ##
#. .. #.


You could see 3 starcursed masses.

Vanquished Creatures
  Frances (D:13)
  A tentacled starspawn (Abyss:2)
  Kirke (D:13)
  A very ugly thing (Abyss:2)
  The ghost of Seod the Fighter, a journeyman FoAK of Lugonu (Lair:5)
  A minotaur (Gauntlet)
  Josephine (D:13)
  13 hydras
  A catoblepas (D:14)
  5 ice dragons
  4 boulder beetles
  4 centaur warriors
  A death knight (D:13)
  4 tengu warriors
  2 dancing weapons (D:14)
  A two-headed ogre (D:12)
  3 thrashing horrors (Abyss:2)
  A wretched star (Abyss:2)
  A sun demon (Abyss:2)
  A sixfirhy (Abyss:2)
  A spatial maelstrom (Abyss:2)
  A fire crab (Lair:6)
  4 unseen horrors
  2 glowing orange brains (Gauntlet)
  An orc knight (D:14)
  4 lindwurms (D:13)
  A shining eye (shapeshifter) (D:13)
  A phantasmal warrior (D:13)
  The ghost of Philosophunculist the Covert, a novice DEAE of Vehumet (D:9)
  20 ugly things
  3 cyclopes
  2 manticores
  An orc sorcerer (Orc:1)
  5 black mambas
  The ghost of Ge0ff the Spear-Bearer, a novice TeAK of Lugonu (D:5)
  3 elephants (Lair:5)
  A black mamba (shapeshifter) (D:13)
  5 torpor snails
  A smoke demon (Abyss:2)
  2 ice statues (IceCv)
  An eye of devastation (Gauntlet)
  4 gargoyles
  4 centaur skeletons
  8 komodo dragons
  2 cane toads
  An efreet (D:14)
  5 kobold demonologists
  3 rime drakes
  An ancient zyme (Abyss:2)
  A tengu conjurer (D:13)
  7 polar bears
  5 trolls
  4 hornets
  A large abomination (Abyss:2)
  A dream sheep (Lair:6)
  2 raiju (shapeshifter) (D:15)
  19 slime creatures
  A meliai zombie (D:14)
  8 blink frogs
  10 flying skulls (Gauntlet)
  14 spriggans
  10 wraiths
  2 shadows
  6 starcursed masses (Abyss:2)
  A vampire (D:14)
  A basilisk (shapeshifter) (D:14)
  A hog (D:13)
  3 neqoxecs (D:9)
  5 basilisks
  2 golden eyes (Gauntlet)
  Grum (D:8)
  53 yaks
  A steam dragon (D:10)
  3 wyverns
  8 vampire mosquitoes
  3 wargs (Orc:1)
  3 acid dragons
  19 water moccasins
  15 orc warriors
  4 sky beasts
  19 ice beasts
  4 small abominations (Abyss:2)
  5 black bears
  A snapping turtle zombie (Abyss:2)
  7 ogres
  2 eyes of draining
  2 necrophages
  5 boggarts (Lair:6)
  19 centaurs
  30 wolves
  4 phantoms
  Blork the orc (D:4)
  5 big kobolds
  26 bullfrogs
  An elf skeleton (D:8)
  A wyvern zombie (D:10)
  4 wyvern skeletons
  6 scorpions
  A troll zombie (D:8)
  12 killer bees
  18 wights
  3 howler monkeys
  A wyvern simulacrum (Gauntlet)
  12 jellies
  4 quasits
  3 human zombies (D:8)
  2 centaur zombies
  9 orc priests
  9 hounds
  2 bullfrog skeletons
  9 iguanas
  16 orc wizards
  Terence (D:3)
  9 worker ants
  A human skeleton (D:8)
  6 hell rats (Lair:2)
  A statue (D:7)
  6 centaur simulacra
  An ogre zombie (D:8)
  An ogre skeleton (D:8)
  A hound zombie (D:7)
  3 mummies
  A howler monkey zombie (D:11)
  7 gnolls
  17 adders
  3 shadow imps
  A white imp (D:6)
  An ufetubus (D:8)
  4 oozes
  2 adder zombies (Ossuary)
  2 adder skeletons
  5 worms
  A dart slug (D:3)
  6 leopard geckos
  45 orcs
  12 bats
  11 giant cockroaches
  12 goblins
  11 hobgoblins
  6 jackals
  4 quokkas
  4 ball pythons
  A ball python skeleton (Ossuary)
  7 frilled lizards
  A jackal skeleton (D:9)
  A jackal zombie (D:7)
  18 kobolds
  4 kobold zombies
  A leopard gecko skeleton (D:7)
  An orc skeleton (Ossuary)
  2 orc zombies
  A quokka skeleton (D:9)
  10 rats
826 creatures vanquished.

Vanquished Creatures (others)
  2 humans (D:13)
  A quasit (D:9)
  An orc wizard (D:10)
  2 orcs
  A quokka (D:2)
  A demonic plant (Gauntlet)
  18 fungi
  41 plants
  2 starspawn tentacles (Abyss:2)
69 creatures vanquished.

Grand Total: 895 creatures vanquished

Notes
Turn   | Place    | Note
-------+----------+-------------------------------------------
     0 | D:1      | Borgoz the Ghoul Gladiator began the quest for the Orb.
     0 | D:1      | Reached XP level 1. HP: 17/17 MP: 0/0
   155 | D:1      | Reached XP level 2. HP: 25/25 MP: 1/1
   442 | D:1      | Reached skill level 1 in Armour
   442 | D:1      | Reached XP level 3. HP: 30/30 MP: 2/2
  1498 | D:2      | Reached XP level 4. HP: 24/37 MP: 3/3
  1692 | D:2      | Reached skill level 1 in Shields
  1960 | D:2      | Found a stormy altar of Qazlal.
  2027 | D:2      | Found a hazy altar of Hepliaklqana.
  2027 | D:2      | Found a sparkling altar of Nemelex Xobeh.
  2032 | D:2      | Found a broken altar of Ashenzari.
  2269 | D:2      | Found a blossoming altar of Fedhas.
  2337 | D:2      | Found a white marble altar of Elyvilon.
  2597 | D:3      | Noticed a centaur
  2612 | D:3      | Killed a centaur
  2613 | D:3      | Reached XP level 5. HP: 15/45 MP: 4/4
  2821 | D:3      | Found an ancient bone altar of Kikubaaqudgha.
  3076 | D:3      | Noticed Terence
  3086 | D:3      | Killed Terence
  3087 | D:3      | Reached XP level 6. HP: 41/51 MP: 5/5
  3474 | D:4      | Noticed Blork the orc
  3496 | D:4      | Killed Blork the orc
  3805 | D:4      | Found a staircase to the Ecumenical Temple.
  3836 | D:4      | Reached XP level 7. HP: 59/59 MP: 6/6
  3849 | Temple   | Entered the Ecumenical Temple
  4223 | D:4      | Reached skill level 5 in Unarmed Combat
  4450 | D:5      | Entered Level 5 of the Dungeon
  4530 | D:5      | Found a sacrificial altar of Ru.
  4826 | D:5      | Reached XP level 8. HP: 45/67 MP: 7/7
  5354 | D:5      | Noticed a moth of wrath
  5358 | D:5      | Found a bloodstained altar of Trog.
  5422 | D:5      | Found a large runed translucent door.
  5422 | D:5      | Found a large runed translucent door.
  5424 | D:5      | Noticed Ge0ff's ghost (novice TeAK)
  5523 | D:5      | Found an opulent altar of Gozag.
  6040 | D:6      | Reached skill level 5 in Fighting
  7113 | D:7      | Found a radiant altar of Vehumet.
  7175 | D:7      | Reached skill level 5 in Dodging
  7179 | D:7      | Found Resakk's Jewellery Boutique.
  7240 | D:7      | Found a sand-covered staircase.
  7257 | Ossuary  | Entered an ossuary
  7381 | Ossuary  | Noticed a wraith
  7381 | Ossuary  | Noticed a flying skull
  7394 | Ossuary  | Noticed a flying skull
  7415 | Ossuary  | Noticed a flying skull
  7423 | Ossuary  | Noticed a flying skull
  7434 | Ossuary  | Noticed a flying skull
  7441 | Ossuary  | Noticed a wraith
  7470 | Ossuary  | Killed a wraith
  7471 | Ossuary  | Reached XP level 9. HP: 44/75 MP: 8/8
  8372 | D:6      | Noticed a rust devil
  8372 | D:6      | Noticed a rust devil
  8414 | D:7      | Reached skill level 5 in Armour
  8649 | D:7      | Found a shimmering altar of Xom.
  8649 | D:7      | Found a shimmering altar of Xom.
  8650 | D:7      | Found a shimmering altar of Xom.
  8652 | D:7      | Found a shimmering altar of Xom.
  8653 | D:7      | Found a shimmering altar of Xom.
  9235 | D:7      | Found an iron altar of Okawaru.
  9245 | D:7      | Became a worshipper of Warmaster Okawaru
  9802 | D:8      | Reached skill level 1 in Invocations
 10245 | D:8      | Reached XP level 10. HP: 28/86 MP: 6/10
 10281 | D:8      | Reached * piety under Okawaru
 10397 | D:8      | Noticed Grum
 10420 | D:8      | HP: 1/86 [Grum/-1 spear (7)]
 10875 | D:8      | Killed Grum
 11011 | D:8      | Noticed a gargoyle
 11029 | D:8      | Killed a gargoyle
 11937 | D:8      | Found a basalt altar of Yredelemnul.
 12127 | D:9      | Found a staircase to the Lair.
 12138 | D:9      | Reached ** piety under Okawaru
 12169 | D:9      | Found a transporter.
 12230 | D:9      | Found a burning altar of Makhleb.
 12238 | D:9      | Found a glowing silver altar of Zin.
 12238 | D:9      | Noticed an angel
 12238 | D:9      | Noticed a cacodemon
 12540 | D:9      | Found Yzadat's General Store.
 12768 | D:9      | Noticed Philosophunculist's ghost (novice DEAE)
 12778 | D:9      | Found a transporter.
 13185 | D:9      | Noticed a tengu warrior
 13208 | D:9      | Killed a tengu warrior
 13446 | D:9      | Noticed an ice dragon
 13458 | D:9      | Killed an ice dragon
 13459 | D:9      | Reached XP level 11. HP: 16/95 MP: 1/13
 13922 | D:9      | Reached skill level 5 in Invocations
 14251 | D:9      | Killed Philosophunculist's ghost
 14251 | D:9      | Reached *** piety under Okawaru
 14621 | D:10     | Entered Level 10 of the Dungeon
 14790 | D:10     | Killed an unseen horror
 15466 | D:10     | Killed an unseen horror
 16005 | D:11     | Noticed a red ugly thing
 16036 | D:10     | Killed a red ugly thing
 16036 | D:10     | Reached **** piety under Okawaru
 16248 | Lair:1   | Entered Level 1 of the Lair of Beasts
 16389 | Lair:1   | Found a frozen archway.
 16413 | IceCv    | Entered an ice cave
 16455 | IceCv    | Reached skill level 10 in Unarmed Combat
 17381 | IceCv    | Reached skill level 10 in Fighting
 17381 | IceCv    | Reached XP level 12. HP: 106/106 MP: 14/14
 17408 | IceCv    | Noticed an ice dragon
 17408 | IceCv    | Noticed an ice dragon
 17437 | IceCv    | Killed an ice dragon
 17465 | IceCv    | Killed an ice dragon
 17465 | IceCv    | Reached ***** piety under Okawaru
 17925 | IceCv    | Lost intelligence.
 18149 | Lair:1   | Found a basalt altar of Yredelemnul.
 19095 | Lair:2   | Found a snail-covered altar of Cheibriados.
 19095 | Lair:2   | Noticed a six-headed hydra
 19110 | Lair:2   | Killed a six-headed hydra
 19424 | Lair:2   | Received a gift from Okawaru
 19702 | Lair:2   | Noticed a five-headed hydra
 19715 | Lair:2   | Found a staircase to the Snake Pit.
 19734 | Lair:2   | Killed a five-headed hydra
 20132 | Lair:2   | Reached XP level 13. HP: 95/116 MP: 8/15
 20229 | Lair:2   | Reached skill level 10 in Dodging
 20809 | Lair:3   | Found a staircase to the Swamp.
 20942 | Lair:3   | Received a gift from Okawaru
 21412 | Lair:3   | Reached skill level 10 in Armour
 21478 | Lair:3   | Found a dark tunnel.
 21802 | Lair:3   | HP: 4/118 [eight-headed hydra (3)]
 22626 | Lair:4   | Received a gift from Okawaru
 22629 | Lair:4   | Got a pair of jewelled gloves {god gift}
 22635 | Lair:4   | Identified the +2 pair of gloves of Articulation {Will+}
                  | (Okawaru gifted it to you on level 4 of the Lair of Beasts)
 22902 | Lair:5   | Found a runed translucent door.
 22903 | Lair:5   | Noticed Seod's ghost (journeyman FoAK)
 22936 | Lair:5   | Killed Seod's ghost
 22937 | Lair:5   | Reached XP level 14. HP: 110/127 MP: 11/16
 23251 | Lair:5   | You fall into a shaft and drop 1 floor!
 23251 | Lair:6   | Entered Level 6 of the Lair of Beasts
 23263 | Lair:6   | Found a staircase to the Slime Pits.
 25190 | Lair:6   | Received a gift from Okawaru
 25754 | D:11     | Noticed Josephine
 25871 | D:11     | Found the +3 robe of Folly {Archmagi, Will-- Int+5}
 26009 | D:11     | Got a ripped robe
 26010 | D:11     | Identified the +3 robe of Twilight {-Cast Regen+ Dex+4
                  | SInv} (You found it on level 11 of the Dungeon)
 26551 | D:5      | Killed Ge0ff's ghost
 27065 | D:12     | Reached ****** piety under Okawaru
 27126 | D:12     | Found a staircase to the Orcish Mines.
 27581 | D:12     | Received a gift from Okawaru
 27582 | D:12     | Found the +8 longbow "Zephyr" {speed, Dex+3 SInv}
 27684 | D:12     | Reached XP level 15. HP: 120/137 MP: 14/17
 28238 | D:13     | Noticed Frances
 28271 | D:13     | Killed Frances
 28711 | D:13     | Killed Josephine
 29116 | D:13     | Noticed Kirke
 29132 | D:13     | Noticed a sphinx
 29139 | D:13     | Killed Kirke
 29139 | D:13     | Received a gift from Okawaru
 29504 | D:13     | Received a gift from Okawaru
 29516 | D:13     | Got a fine longbow {god gift}
 29749 | D:13     | Identified The Compendium of Greatest Risks and Utility
 29758 | D:13     | Got a faintly glowing brass ring
 29760 | D:13     | Identified the ring "Gompo" {Fire *Corrode Dex+4 SInv} (You
                  | found it on level 13 of the Dungeon)
 30043 | D:14     | Found a gate to the Vaults.
 30090 | D:14     | Found a gate leading to a gauntlet.
 30094 | Gauntlet | Entered a Gauntlet
 30094 | Gauntlet | Found a transporter.
 30103 | Gauntlet | Found a transporter.
 30106 | Gauntlet | Found a transporter.
 30107 | Gauntlet | Found a transporter.
 30123 | Gauntlet | Found a transporter.
 30126 | Gauntlet | Found a transporter.
 30127 | Gauntlet | Found a transporter.
 30133 | Gauntlet | Found a runed translucent gate.
 30135 | Gauntlet | Found a transporter.
 30136 | Gauntlet | Found a runed translucent gate.
 30137 | Gauntlet | Found a runed translucent gate.
 30138 | Gauntlet | Found a transporter.
 30139 | Gauntlet | Found a transporter.
 30150 | Gauntlet | Found a transporter.
 30151 | Gauntlet | Found a transporter.
 30152 | Gauntlet | Found a transporter.
 30159 | Gauntlet | Found a transporter.
 30634 | Gauntlet | Identified Xageigy's Catalogue of Dark Rites and the
                  | Volcanoes
 30724 | Gauntlet | Received a gift from Okawaru
 30729 | Gauntlet | Got a crude great sword {god gift}
 30730 | Gauntlet | Identified the +12 great sword of Woe {venom, rElec Dex+3}
                  | (Okawaru gifted it to you in a Gauntlet)
 30783 | Gauntlet | Identified the +0 rapier of Vescheb {pain, rElec rPois
                  | Will-}
 31584 | D:14     | Reached XP level 16. HP: 147/147 MP: 18/18
 31814 | D:15     | Entered Level 15 of the Dungeon
 31957 | D:15     | Received a gift from Okawaru
 32005 | D:15     | Reached skill level 15 in Unarmed Combat
 32036 | D:15     | Found Niaguo's Antique Weapon Shop.
 32256 | D:15     | Found a staircase to the Depths.
 32449 | D:15     | Reached skill level 15 in Fighting
 33229 | Orc:1    | Entered Level 1 of the Orcish Mines
 33372 | Orc:1    | Found a one-way gate to the infinite horrors of the Abyss.
 33372 | Orc:1    | Noticed Liemp's ghost (journeyman MiFi)
 33380 | Orc:1    | Identified the +5 eveningstar "Killer Bee's Doom" {distort,
                  | rF+ Str+3 Stlth+}
 33386 | Orc:1    | Found a transporter.
 33497 | Orc:1    | Noticed Erolcha
 33510 | Orc:1    | Cast into level 2 of the Abyss (Erolcha)
 33641 | Abyss:2  | Noticed a tentacled starspawn
 33648 | Abyss:2  | Killed a tentacled starspawn
 33827 | Abyss:2  | HP: 5/149 [smoke demon/divine providence (13)]
 33908 | Abyss:2  | HP: 5/149 [starcursed mass/accursed screaming (6)]
 33909 | Abyss:2  | Killed from afar by a starcursed mass

Illustrated notes

Levels and vault maps discovered:
D:1:      psy_arrival_radial01, layout_basic, amethyst_killhole, minivault_4
D:2:      layout_rooms, old_standard_altar, minitemple, elyvilon_altar_4
D:3:      layout_loops_cross, nicolae_overflow_hidden_temple, uniq_terence
D:4:      minmay_inner_zag, layout_rooms, temple_fountains,
          grunt_decor_arrowhead, uniq_blork_the_orc
D:5:      layout_basic, overflow_temple_1_default, tgw_trog,
          nicolae_ru_awakened_eye, ebering_ghost_disaster_area
D:6:      cheibrodos_iron_armory, layout_layer_cave
D:7:      layout_basic, vehumet_statue, lemuel_coloured_pillars_altar,
          serial_shops, shop, nicolae_ossuary_entry_giza, xom_redecorated
D:8:      layout_basic, lemuel_mausoleum_altar_yredelemnul, uniq_grum
D:9:      dragon1_lemuel, layout_grid_maze,
          grunt_temple_overflow_order_and_chaos_2, lair_entry_dummy,
          serial_shops, nicolae_shop_trees, gammafunk_ghost_stat_death
D:10:     layout_basic
D:11:     layout_big_octagon, uniq_josephine
D:12:     layout_rooms, orc_0_dummy
D:13:     layout_basic, minmay_lindwurm_lava, uniq_frances, uniq_kirke
D:14:     minmay_blocky_corners, layout_gridville, erik_vaults_1,
          grunt_decor_fettered, gauntlet_entry_generic, grunt_ministairs_3
D:15:     grunt_enter_depths_hoard, layout_loops_ring, serial_shops, shop
Temple:   corrupted_temple
Lair:1:   layout_long_grid, basic_altar, portal_ice_cave_entry_pillars_2,
          wad_woods_03
Lair:2:   layout_chaotic_city, minmay_snake_entry_six_corridors, minmay_holes,
          kennysheep_snail_temple, lemuel_fruit_tree
Lair:3:   layout_misc_corridors, minmay_swamp_entry_swarm, enter_volcano_1,
          chequers_serial_rivers_small_3, grunt_megastairs_1
Lair:4:   layout_cave_shapes
Lair:5:   layout_cave_pods, gammafunk_ghost_grave
Lair:6:   minmay_lair_end_enchanted_forest, layout_cave_pods,
          nicolae_slime_entry_slimehenge, serial_bayou_shore_b
Orc:1:    layout_caves, basic_altar, gammafunk_ghost_abyssal_escape,
          uniq_erolcha
Abyss:2:  base: Volcano, bh_abyss_exit_spiral, minivault_4,
          hangedman_cross_veins, hangedman_cross_veins

Skill      XL: |  1  2  3  4  5  6  7  8  9 10 11 12 13 14 15 16 |
---------------+-------------------------------------------------+-----
Armour         | 1 2 3 4 5 6 8 9 10 11 12 13 | 13.1
Dodging        | 3 4 5 6 7 8 9 10 11 12 13 | 13.4
Shields        | 1 2 3 4 |  4.0
Fighting       | 3 4 6 7 8 10 11 12 13 14 15 | 15.3
Unarmed Combat | 4 5 6 7 9 10 11 12 13 14 15 | 15.5
Invocations    | 2 4 5 |  5.0
Throwing       | |  1.7

Action                   |  1- 3 |  4- 6 |  7- 9 | 10-12 | 13-15 | 16-18 || total
-------------------------+-------+-------+-------+-------+-------+-------++-------
Melee: Unarmed           |   130 |   175 |   583 |  1061 |  1676 |   487 ||  4112
Throw: Throwing net      |       |     4 |       |       |       |       ||     4
Invok: Heroism           |       |       |       |    14 |    36 |     3 ||    53
Evoke: Wand              |       |       |       |     2 |     4 |       ||     6
  Use: Scroll            |     2 |     7 |     9 |    11 |     9 |     3 ||    41
       Potion            |       |       |     4 |    10 |     5 |     9 ||    28
 Stab: Invisible         |       |       |       |     9 |       |       ||     9
Armor: Leather armour    |    36 |    37 |    23 |       |       |       ||    96
       Ring mail         |       |       |   110 |   243 |       |       ||   353
       Ice dragon scales |       |       |       |    86 |       |       ||    86
       Crystal plate arm |       |       |       |    90 |  1153 |   205 ||  1448
Dodge: Dodged            |    91 |    92 |   348 |   905 |  1282 |   230 ||  2948
Block: Buckler           |     7 |    24 |   106 |   290 |   640 |   142 ||  1209

Table legend: (Time is in decaauts)
 A = Elapsed time spent in this place.
 B = Non-inter-level travel time spent in this place.
 C = Inter-level travel time spent in this place.
 D = Time resting spent in this place.
 E = Time spent auto-exploring this place.
 F = Levels seen in this place.
 G = Mean time per level.
                   A        B        C        D        E       F      G
               +--------+--------+--------+--------+--------+-----+--------+
         Total |  33088 |  31414 |   1674 |   8048 |  16691 |  27 | 1225.5 |
       Dungeon |  22053 |  20935 |   1118 |   5941 |  11094 |  15 | 1470.2 |
        Temple |     49 |     37 |     12 |      0 |     36 |   1 |   49.0 |
          Lair |   7525 |   6982 |    543 |    755 |   4438 |   6 | 1254.2 |
  Orcish Mines |    258 |    258 |      0 |      0 |    144 |   1 |  258.0 |
         Abyss |    346 |    346 |      0 |     16 |    125 |   1 |  346.0 |
       Ossuary |    487 |    487 |      0 |    138 |    200 |   1 |  487.0 |
      Ice Cave |   1687 |   1687 |      0 |   1036 |    366 |   1 | 1687.0 |
      Gauntlet |    680 |    680 |      0 |    161 |    287 |   1 |  680.0 |
               +--------+--------+--------+--------+--------+-----+--------+

Top non-repeatable levels by time:
     D:7: 2775 daAuts
     D:9: 2523 daAuts
  Lair:2: 1900 daAuts
     D:8: 1882 daAuts
    D:10: 1744 daAuts
  Lair:6: 1731 daAuts
    D:13: 1690 daAuts
   IceCv: 1687 daAuts
     D:5: 1675 daAuts
     D:1: 1466 daAuts
  Lair:3: 1379 daAuts
    D:15: 1282 daAuts
    D:14: 1111 daAuts
     D:6: 1096 daAuts
     D:2: 995 daAuts
